cohdb
Replays
Latest Replays
All Replays
Popular Replays
Top Player Replays
Match Explorer
How It Works
Community
CoH3 Stats
Reddit
Sign in to upload your games and track your stats! →
Sign in with Steam
Match 48232943
Unlisted
Match 48232943
Overview
Messages
Build Orders
End
Construct Infanterie Kompanie
Grenadier Squad
Grenadier Squad
Grenadier Squad
Construct Panzergrenadier Kompanie
Panzergrenadier Squad
Medical Station
Pak 40 Anti-tank Gun Team
Panzergrenadier Squad
AI Takeover
GoLdenCoBRaaa
Axis is unplayable (Buff dingo)
Logan5
Bego
0
0
Comments
sign in to comment!
No comments posted yet!